 Dungeon Crawl Stone Soup version 0.27-a0-366-g8badd94918 (webtiles) character file.

Game seed: 11022073153197005004

204 wampuh the Grave Robber (level 5, -2/38 HPs)
             Began as a Demonspawn Necromancer on Feb 17, 2021.
             Slain by an ogre
             ... wielding a +0 giant spiked club
              (22 damage)
             ... on level 4 of the Dungeon.
             The game lasted 00:09:20 (5064 turns).

wampuh the Grave Robber (Demonspawn Necromancer)    Turns: 5064, Time: 00:09:21

Health: -2/38      AC:  3    Str:  8    XL:     5   Next: 52%
Magic:  6/9        EV: 12    Int: 17    God:
Gold:   151        SH:  0    Dex: 14    Spells: 4/9 levels left

rFire    . . .     SeeInvis .   f - +0 dagger
rCold    . . .     Faith    .   (no shield)
rNeg     . . .     Spirit   .   a - +0 robe
rPois    .         Reflect  .   (no helmet)
rElec    .         Harm     .   (no cloak)
rCorr    .         Rampage  .   (no gloves)
Will     .....                  (no boots)
Stlth    ++........             t - amulet of regeneration
HPRegen  1.12/turn              (no ring)
MPRegen  0.11/turn              (no ring)

@: no status effects
A: claws 1, demonic guardian 2, sharp scales 1
a: no special abilities


You were on level 4 of the Dungeon.
You visited 1 branch of the dungeon, and saw 4 of its levels.

You collected 151 gold pieces.

Inventory:

Hand Weapons
 f - a +0 dagger (weapon)
Missiles
 d - 61 arrows
 n - 22 bolts
Armour
 a - a +0 robe (worn)
Jewellery
 l - a ring of fire
 o - an amulet of faith
 t - an amulet of regeneration (around neck)
Wands
 r - a wand of iceblast (6)
Scrolls
 b - 4 scrolls of identify {unknown}
 c - a scroll of enchant weapon {unknown}
 e - a scroll of blinking {unknown}
 g - a scroll of random uselessness {unknown}
 i - 2 scrolls of enchant armour {unknown}
 j - 3 scrolls of noise {unknown}
 s - a scroll of teleportation {unknown}
Potions
 h - a potion of degeneration {unknown}
 k - a potion of lignification {unknown}
 m - a potion of mutation {unknown}
 p - 4 potions of curing
 q - a potion of heal wounds {unknown}


   Skills:
 * Level 1.8 Fighting
 + Level 0.5 Short Blades
 + Level 1.9 Dodging
 - Level 1.7 Stealth
 + Level 2.9 Spellcasting
 * Level 6.4 Necromancy


You had 4 spell levels left.
You knew the following spells:

 Your Spells              Type           Power        Failure   Level
a - Pain                  Necr           96%          1%          1
b - Animate Skeleton      Necr           48%          1%          1
c - Vampiric Draining     Necr           12%          3%          3

Your spell library contained the following spells:

 Spells                   Type           Power        Failure   Level
 Animate Dead             Necr           12%          12%         4
 Agony                    Necr           24%          34%         5


Dungeon Overview and Level Annotations

Branches:
Dungeon (4/15)
 Temple: D:4-7

Altars:
Elyvilon
Makhleb
Uskayaw
Wu Jian


Innate Abilities, Weirdness & Mutations

You have sharp fingernails.
A demonic guardian rushes to your aid.
You are partially covered in razor-sharp scales. (AC +1, Slay +1)


Message History

Aim: a gnoll, wielding a +0 whip (heavily wounded, chance to affect: 88%)
The gnoll writhes in agony.
You kill the gnoll!
A gnoll is nearby!
The gnoll throws a throwing net.
The throwing net hits you.
You become entangled in the net!
You see here a throwing net.
Casting: Pain (safe; 1% risk of failure)
Confirm with . or Enter, or press ? or * to list all spells.
Aiming: Pain (safe; 1% risk of failure)
Press: ? - help, Shift-Dir - straight line, f - gnoll
Aim: a gnoll, wielding a +0 halberd of flaming (chance to affect: 88%)
The gnoll writhes in agony.
Your rust devil disappears in a puff of smoke!
Casting: Pain (safe; 1% risk of failure)
Confirm with . or Enter, or press ? or * to list all spells.
Aiming: Pain (safe; 1% risk of failure)
Press: ? - help, Shift-Dir - straight line, f - gnoll
Aim: a gnoll, wielding a +0 flail (wandering, hasn't noticed you, chance to affect: 88%)
The gnoll shouts!
The gnoll writhes in agony.
You hear a shout!
An ogre comes into view. It is wielding a +0 giant spiked club.
Casting: Pain (safe; 1% risk of failure)
Confirm with . or Enter, or press ? or * to list all spells.
You attempt to give life to the dead...
Before your eyes, flesh is ripped from the corpse!
The dead are walking!
The gnoll hits your gnoll skeleton with a +0 flail!
Your gnoll skeleton is destroyed!
You see here a throwing net.
You struggle against the net.
You tear a large gash into the net.
You struggle against the net.
The gnoll hits you with a +0 flail!
The gnoll hits you from afar with a +0 halberd of flaming!
The gnoll burns you.
You rip the net and break free!
The ogre hits you with a +0 giant spiked club!!
Ouch! That really hurt!
You die...

####. ......##
#?)...#......#
##.<.g..#
###......g..#
#......g....#
###)#.........#
..g)###.).###.#
#.###.g# #....
# #....O@#
#...#. #.####.#
##B##.. #<# #.#
#.# ..# ###


You could see an ogre and 2 gnolls.

Vanquished Creatures
  A hound (D:4)
  Ijyb (D:3)
  4 adders
  A gnoll (D:4)
  2 oozes
  An adder skeleton (D:3)
  A worm (D:2)
  4 dart slugs
  2 leopard geckos (D:1)
  5 orcs (D:3)
  5 giant cockroaches
  7 goblins
  9 hobgoblins
  6 jackals
  9 bats
  4 frilled lizards
  11 kobolds
  6 rats
79 creatures vanquished.

Notes
Turn   | Place    | Note
-------+----------+-------------------------------------------
     0 | D:1      | wampuh the Demonspawn Necromancer began the quest for the
                  | Orb.
     0 | D:1      | Reached XP level 1. HP: 13/13 MP: 3/3
     2 | D:1      | Learned a level 1 spell: Animate Skeleton
   542 | D:1      | Gained mutation: You are partially covered in razor-sharp
                  | scales. (AC +1, Slay +1) [demonic ancestry]
   542 | D:1      | Reached XP level 2. HP: 15/20 MP: 1/5
  1064 | D:1      | Reached skill level 5 in Necromancy
  1084 | D:1      | Reached skill level 1 in Fighting
  1464 | D:1      | Gained mutation: You have sharp fingernails. [demonic
                  | ancestry]
  1464 | D:1      | Reached XP level 3. HP: 21/26 MP: 1/6
  1598 | D:1      | You fall into a shaft and drop 1 floor!
  1908 | D:2      | Learned a level 3 spell: Vampiric Draining
  2485 | D:2      | Gained mutation: A weak demonic guardian rushes to your
                  | aid. [demonic ancestry]
  2485 | D:2      | Reached XP level 4. HP: 31/32 MP: 5/7
  3578 | D:3      | Found a hide-covered altar of Uskayaw.
  3579 | D:3      | Found an ornate altar of the Wu Jian Council.
  4375 | D:3      | Found a burning altar of Makhleb.
  4382 | D:3      | Found a white marble altar of Elyvilon.
  4422 | D:3      | Reached skill level 6 in Necromancy
  4556 | D:3      | Noticed Ijyb
  4591 | D:3      | Killed Ijyb
  4592 | D:3      | Gained mutation: A demonic guardian rushes to your aid.
                  | [demonic ancestry]
  4592 | D:3      | Reached XP level 5. HP: 14/38 MP: 0/9
  5059 | D:4      | Noticed an ogre
  5064 | D:4      | Slain by an ogre

Illustrated notes

Levels and vault maps discovered:
D:1:      sevenhm_arrival_forest_fort_large_4, layout_basic
D:2:      layout_basic
D:3:      layout_rooms, grunt_temple_overflow_open, minmay_misc_feat_encased,
          minmay_randomly_rotated_circles, uniq_ijyb
D:4:      layout_loops_ring, lemuel_round_altar, serial_shops, shop,
          kennysheep_nondescript

Skill      XL: |  1  2  3  4 |
---------------+-------------+-----
Necromancy     | 5 6 |  6.4
Fighting       | 1 |  1.8
Short Blades   | |  0.5
Dodging        | |  1.9
Stealth        | |  1.7
Spellcasting   | |  2.9

Action                   |  1- 3 |  4- 6 || total
-------------------------+-------+-------++-------
Melee: Club              |     8 |       ||     8
       Unarmed           |     1 |       ||     1
       Dagger            |    44 |    95 ||   139
 Cast: Pain              |    62 |    79 ||   141
       Animate Skeleton  |       |     2 ||     2
       Vampiric Draining |       |     1 ||     1
 Stab: Sleeping          |     4 |     3 ||     7
Armor: Robe              |    30 |    37 ||    67
Dodge: Dodged            |    50 |    85 ||   135

Table legend: (Time is in decaauts)
 A = Elapsed time spent in this place.
 B = Non-inter-level travel time spent in this place.
 C = Inter-level travel time spent in this place.
 D = Time resting spent in this place.
 E = Time spent auto-exploring this place.
 F = Levels seen in this place.
 G = Mean time per level.
                   A        B        C        D        E       F      G
               +--------+--------+--------+--------+--------+-----+--------+
         Total |   5064 |   4972 |     92 |   2209 |   2108 |   4 | 1266.0 |
       Dungeon |   5064 |   4972 |     92 |   2209 |   2108 |   4 | 1266.0 |
               +--------+--------+--------+--------+--------+-----+--------+

Top non-repeatable levels by time:
     D:1: 1983 daAuts
     D:2: 1596 daAuts
     D:3: 1442 daAuts
     D:4: 42 daAuts
